 Dungeon Crawl Stone Soup version 0.19-a0-904-ga29959e (webtiles) character file.

289 Gottschkopf the Thaumaturge (level 6, 0/32 HPs)
             Began as a Deep Elf Fire Elementalist on July 5, 2016.
             Slain by a worker ant (5 damage)
             ... on level 3 of the Dungeon.
             The game lasted 00:08:10 (3224 turns).

Gottschkopf the Thaumaturge (DEFE)                  Turns: 3224, Time: 00:08:11

Health: 0/32       AC:  5    Str:  5    XL:     6   Next: 9%
Magic:  5/19       EV: 13    Int: 22    God:
Gold:   215        SH:  0    Dex: 15    Spells: 5 memorised, 6 levels left

rFire  . . .     SeeInvis .     v - +6 club
rCold  . . .     Gourm    .     a - +0 robe
rNeg   . . .     Faith    .     (no shield)
rPois  +         Spirit   .     (no helmet)
rElec  .         Dismiss  .     l - +0 cloak {rPois}
rCorr  .         Reflect  .     k - +0 pair of gloves
SustAt .         Harm     .     q - +0 pair of boots
MR     .....                    (no amulet)
Stlth  ++........               (no ring)
                                (no ring)

@: lethally poisoned (0 -> -5), very slightly contaminated, not resistant to
hostile enchantments, unstealthy
A: no striking features
a: no special abilities


You were on level 3 of the Dungeon.
You were not hungry.

You visited 1 branch of the dungeon, and saw 4 of its levels.

You collected 215 gold pieces.

Inventory:

Hand Weapons
 e - a +0 dagger
 n - a +3 quarterstaff of chaos
 v - a +6 club (weapon)
Armour
 a - a +0 robe (worn)
 k - a +0 pair of gloves (worn)
 l - a +0 cloak of poison resistance (worn)
 q - a +0 pair of boots (worn)
 u - a +0 helmet
Wands
 m - a wand of random effects (10/48)
 w - a wand of paralysis (13/24)
Scrolls
 g - 2 scrolls of magic mapping
 p - a scroll of fog {unknown}
 r - 3 scrolls of identify {unknown}
 t - a scroll of immolation {unknown}
 x - 2 scrolls of blinking
 y - a scroll of remove curse
Potions
 d - a potion of degeneration {unknown}
 s - a potion of curing
 A - a potion of mutation {unknown}
 B - a potion of cure mutation {unknown}
Books
 b - a book of Flames

   Spells                             Type                      Level
   a - Flame Tongue                   Conjuration/Fire             1
   b - Throw Flame                    Conjuration/Fire             2
   c - Conjure Flame                  Conjuration/Fire             3
   d - Inner Flame                    Hexes/Fire                   3
   e - Sticky Flame                   Conjuration/Fire             4
   f - Fireball                       Conjuration/Fire             5
Comestibles
 c - 4 bread rations
 f - a slice of pizza
 h - a royal jelly
 i - 4 beef jerkies
 j - 2 fruits
 o - 2 meat rations
 z - 3 chunks of flesh


   Skills:
 - Level 2.4 Dodging
 - Level 2.4 Stealth
 - Level 8.4 Spellcasting
 - Level 1.1 Conjurations
 + Level 3.7 Fire Magic


You had 6 spell levels left.
You knew the following spells:

 Your Spells              Type           Power        Failure   Level  Hunger
a - Flame Tongue          Conj/Fire      ###..        2%          1    None
b - Throw Flame           Conj/Fire      ###...       4%          2    None
c - Conjure Flame         Conj/Fire      ###.....     10%         3    None
d - Sticky Flame          Conj/Fire      ###.....     28%         4    ###....
e - Fireball              Conj/Fire      ###.......   75%         5    #####..


Dungeon Overview and Level Annotations

Branches:
Dungeon (4/15)
 Temple: D:4-7

Altars:
Dithmenos
Fedhas


Message History

The worker ant bites you.
* * * LOW HITPOINT WARNING * * *
The worker ant barely misses you.
Casting: Flame Tongue
Confirm with . or Enter, or press ? or * to list all spells.
Aiming: Flame Tongue
Press: ? - help, Shift-Dir - straight line, f/p - worker ant
Aim: a worker ant (severely wounded)
The flame tongue misses the worker ant.
You feel sick. The worker ant bites you.
* * * LOW HITPOINT WARNING * * *
Casting: Flame Tongue
Confirm with . or Enter, or press ? or * to list all spells.
Aiming: Flame Tongue
Press: ? - help, Shift-Dir - straight line, f/p - worker ant
Aim: a worker ant (severely wounded)
The flame tongue hits the worker ant.
The worker ant is almost dead.
The worker ant bites you.
You die...

...### #.#############
.....####..#..........#
.....+.....#..........# ###
.....###...#..........# #.####
...### #...#..........# #....#
...#####..............# #.##.#
.............#....##### #.##.#
...###.#.....#....#### #.##.#
................@....# #.##.#
..#....###.##..a.)...# #.##.#
..+........##........# #.##.#
#.#....####.........## #.##.#
#.#....####.........# #.##.#
..........+.........# #.##.#
..........#.........# #.##.#
....................# #.##.#
.............##############.##.#


You could see a worker ant.

Vanquished Creatures
  Crazy Yiuf (D:2)
  Natasha (thrice) (D:2)
  A worker ant (D:4)
  Robin (D:3)
  6 adders
  2 oozes (D:1)
  A worm (D:2)
  2 dart slugs
  3 giant geckos
  7 orcs
  2 giant cockroaches
  10 goblins
  8 hobgoblins
  3 jackals (D:3)
  10 kobolds
  A quokka (D:4)
  2 ball pythons
  9 bats
  2 giant newts
  4 rats
78 creatures vanquished.

Notes
Turn   | Place    | Note
-------+----------+-------------------------------------------
     0 | D:1      | Gottschkopf the Deep Elf Fire Elementalist began the quest for the Orb.
     0 | D:1      | Reached XP level 1. HP: 10/10 MP: 6/6
    53 | D:1      | Reached XP level 2. HP: 15/15 MP: 1/8
    57 | D:1      | Reached skill level 4 in Spellcasting
   562 | D:1      | Reached XP level 3. HP: 18/19 MP: 6/11
   569 | D:1      | Learned a level 2 spell: Throw Flame
   573 | D:1      | Learned a level 3 spell: Conjure Flame
   684 | D:2      | Reached skill level 5 in Spellcasting
   695 | D:2      | Found a blossoming altar of Fedhas.
   872 | D:2      | Found a runed door.
   876 | D:2      | Noticed Crazy Yiuf
   881 | D:2      | Killed Crazy Yiuf
   932 | D:2      | Noticed Natasha
   942 | D:2      | Killed Natasha
   942 | D:2      | Reached skill level 6 in Spellcasting
   942 | D:2      | Reached XP level 4. HP: 24/24 MP: 7/14
   967 | D:2      | Learned a level 4 spell: Sticky Flame
  1156 | D:2      | Noticed Natasha
  1165 | D:2      | Killed Natasha
  1260 | D:2      | Reached skill level 7 in Spellcasting
  1260 | D:2      | Reached XP level 5. HP: 25/28 MP: 9/16
  1576 | D:2      | Noticed Natasha
  1582 | D:2      | Killed Natasha
  1714 | D:3      | Noticed Robin
  1858 | D:3      | Killed Robin
  2018 | D:3      | Found a shadowy altar of Dithmenos.
  2345 | D:3      | Reached skill level 8 in Spellcasting
  2851 | D:3      | Learned a level 5 spell: Fireball
  3102 | D:4      | Reached XP level 6. HP: 22/32 MP: 15/19
  3224 | D:3      | Slain by a worker ant

Vault maps used:
D:1:      dpeg_arrival_leaves_temple_mockup
D:2:      fedhas_altar_2, uniq_natasha, uniq_crazy_yiuf_cottage
D:3:      nicolae_dithmenos_through_a_glass_darkly, first_bread, uniq_robin
D:4:      gammafunk_pakellas_its_alive

Skill      XL: |  1  2  3  4  5 |
---------------+----------------+-----
Spellcasting   | 4 6 7 8 |  8.4
Dodging        | |  2.4
Stealth        | |  2.4
Conjurations   | |  1.1
Fire Magic     | |  3.7

Action                   |  1- 3 |  4- 6 || total
-------------------------+-------+-------++-------
Melee: Unarmed           |     1 |       ||     1
       Quarterstaff      |     1 |     2 ||     3
 Cast: Flame Tongue      |    42 |    90 ||   132
       Conjure Flame     |     1 |       ||     1
       Sticky Flame      |       |     5 ||     5
       Throw Flame       |       |    15 ||    15
  Use: Scroll            |       |     4 ||     4
 Stab: Sleeping          |     1 |     1 ||     2
  Eat: Chunk             |       |     8 ||     8
Armor: Robe              |     2 |    19 ||    21
Dodge: Dodged            |    11 |    43 ||    54
